 Dungeon Crawl Stone Soup version 0.30-a0-728-gc68057be0a (webtiles) character file.

Game seed: 5361805045769804416

793 Oxelix the Spear-Bearer (level 7, -1/57 HPs)
             Began as a Merfolk Gladiator on Jan 30, 2023.
             Was an Initiate of the Shining One.
             Slain by a water moccasin (5 damage)
             ... on level 6 of the Dungeon.
             The game lasted 00:11:52 (4844 turns).

Oxelix the Spear-Bearer (Merfolk Gladiator)         Turns: 4844, Time: 00:11:52

Health: -1/57      AC:  5    Str: 16    XL:     7   Next: 88%
Magic:  7/7        EV: 16    Int:  7    God:    the Shining One [......]
Gold:   141        SH:  0    Dex: 16    Spells: 6/6 levels left

rFire   . . .      SeeInvis .    p - +3 spear
rCold   . . .      Faith    .    (no shield)
rNeg    . . .      Spirit   .    b - +0 leather armour
rPois   .          Reflect  .    c - +0 helmet
rElec   .          Harm     .    (no cloak)
rCorr   .          Rampage  .    s - +0 pair of gloves
Will    .....                    (no boots)
Stlth   +                        (no amulet)
HPRegen 0.29/turn                F - +3 ring of evasion
MPRegen 0.10/turn                (no ring)

@: glowing
A: (nimble swimmer 2), mertail
a: Renounce Religion


You were on level 6 of the Dungeon.
You worshipped the Shining One.
The Shining One was noncommittal.
You visited 2 branches of the dungeon, and saw 7 of its levels.
You also visited: Sewer.

You collected 251 gold pieces.
You spent 110 gold pieces at shops.

Inventory:

Hand Weapons
 p - a +3 spear (weapon)
Missiles
 d - 3 throwing nets
 e - a javelin
 f - 6 boomerangs (quivered)
 o - 4 poisoned darts
Armour
 b - a +0 leather armour (worn)
 c - a +0 helmet (worn)
 j - a +0 plate armour
 s - a +0 pair of gloves (worn)
Jewellery
 F - a +3 ring of evasion (left hand)
Wands
 l - a wand of roots (6)
 n - a wand of digging (6)
Scrolls
 a - a scroll of fear {unknown}
 g - 4 scrolls of identify {unknown}
 h - a scroll of enchant armour {unknown}
 i - 2 scrolls of brand weapon {unknown}
 k - 2 scrolls of fog {unknown}
 m - a scroll of poison {unknown}
 q - a scroll of blinking {unknown}
 r - 2 scrolls of teleportation {unknown}
 y - 2 scrolls of noise {unknown}
 z - a scroll of enchant weapon {unknown}
 C - a scroll of acquirement {unknown}
 D - a scroll of amnesia {unknown}
Potions
 t - 2 potions of curing
 u - a potion of cancellation {unknown}
 v - 2 potions of invisibility {unknown}
 w - a potion of haste
 x - a potion of mutation {unknown}
 A - a potion of resistance
 B - a potion of berserk rage {unknown}
 E - a potion of brilliance


   Skills:
 + Level 5.7 Fighting
 * Level 10.0 Polearms
 - Level 2.0 Throwing
 - Level 4.0 Dodging


You had 6 spell levels left.
You didn't know any spells.
Your spell library contained the following spells:

 Spells                   Type           Power      Damage    Failure   Level
 Summon Small Mammal      Summ           0%         N/A       50%         1
 Call Canine Familiar     Summ           0%         N/A       86%         3
 Summon Guardian Golem    Hex/Summ       0%         N/A       86%         3
 Airstrike                Air            0%         2d(0-16)  99%         4
 Summon Lightning Spire   Summ/Air       0%         N/A       99%         4
 Lightning Bolt           Conj/Air       0%         1d11      100%        5
 Chain Lightning          Conj/Air       0%         N/A       100%        9
 Fire Storm               Conj/Fire      0%         5d1       100%        9
 Shatter                  Erth           0%         3d5*      100%        9


Dungeon Overview and Level Annotations

Branches:
Dungeon (6/15)             Temple (1/1) D:4           Sewer (visited)

Altars:
Ashenzari
Fedhas
Hepliaklqana
Nemelex Xobeh
Qazlal
Ru
Sif Muna
Uskayaw
Yredelemnul
Zin
The Shining One

Shops:
D:5 =


Innate Abilities, Weirdness & Mutations

((You are very nimble when in or above water. (Stealth+, EV+, Speed+++)))
Your lower body shifts to a powerful aquatic tail in water.


Message History

You barely miss Edmund.
Edmund is heavily wounded.
You hit Edmund but do no damage.
Edmund is heavily wounded.
Edmund hits you with a +2 heavy flail!
You hit Edmund but do no damage.
Edmund is heavily wounded.
You puncture Edmund!
Edmund is severely wounded.
Edmund hits you with a +2 heavy flail!
You hit Edmund.
Edmund is almost dead.
The water moccasin barely misses you.
You hit Edmund.
Edmund is almost dead.
The water moccasin completely misses you.
You hit Edmund but do no damage.
Edmund is almost dead.
Edmund hits you with a +2 heavy flail.
* * * LOW HITPOINT WARNING * * *
The water moccasin bites you.
* * * LOW HITPOINT WARNING * * *
You hit Edmund.
Edmund is almost dead.
You hit Edmund.
You kill Edmund!
The water moccasin barely misses you.
Your Polearms skill increases to level 10!
You hit the water moccasin.
The water moccasin is lightly wounded.
The water moccasin bites you.
* * * LOW HITPOINT WARNING * * *
You puncture the water moccasin!
The water moccasin is heavily wounded.
The water moccasin bites you.
* * * LOW HITPOINT WARNING * * *
You hit the water moccasin.
The water moccasin is severely wounded.
The water moccasin bites you.
You die...

..###.#...
......#..#
........##
#.......#
#.......#
#.......#
#...S)..#
#...$@..#
#.......#
#.......#
#########


You could see a water moccasin.

Vanquished Creatures
  Eustachio (D:4)
  Edmund (D:6)
  An ice beast (D:4)
  A phantom (D:5)
  A jelly (D:4)
  An orc priest (D:4)
  An orc wizard (D:4)
  4 gnolls
  13 adders
  A worm (D:2)
  A dart slug (D:1)
  13 orcs
  2 endoplasms
  6 giant cockroaches
  6 hobgoblins
  6 jackals
  3 kobolds
  5 quokkas (D:5)
  8 ball pythons
  5 bats
  8 frilled lizards
  12 goblins
  10 rats
110 creatures vanquished.

Notes
Turn   | Place    | Note
-------+----------+-------------------------------------------
     0 | D:1      | Oxelix the Merfolk Gladiator began the quest for the Orb.
     0 | D:1      | Reached XP level 1. HP: 16/16 MP: 1/1
     4 | D:1      | You fall into a shaft and drop 1 floor!
    30 | D:2      | Reached XP level 2. HP: 19/23 MP: 2/2
    73 | D:1      | Reached skill level 5 in Polearms
    76 | D:1      | Reached XP level 3. HP: 14/28 MP: 3/3
   566 | D:2      | Reached XP level 4. HP: 35/35 MP: 4/4
  1074 | D:2      | Reached skill level 6 in Polearms
  1475 | D:3      | HP: 1/35 [gnoll/+0 flail (8)]
  1481 | D:3      | Reached XP level 5. HP: 3/41 MP: 5/5
  1669 | D:3      | Noticed a +0 dagger
  1670 | D:3      | Noticed a +0 hand axe
  1681 | D:3      | Found a hide-covered altar of Uskayaw.
  1716 | D:3      | Identified the ring of Free Will {Ice Will+ Str-2 Int+4
                  | Dex-5}
  2346 | D:4      | Found a staircase to the Ecumenical Temple.
  2356 | Temple   | Entered the Ecumenical Temple
  2487 | Temple   | Became a worshipper of the Shining One
  2515 | D:4      | Reached skill level 7 in Polearms
  2639 | D:4      | Noticed Eustachio
  2639 | D:4      | Noticed an ice beast
  2667 | D:4      | Killed an ice beast
  2668 | D:4      | Reached XP level 6. HP: 46/49 MP: 6/6
  2701 | D:4      | Killed Eustachio
  2702 | D:4      | Reached skill level 5 in Fighting
  2702 | D:4      | Reached skill level 8 in Polearms
  2702 | D:4      | Reached XP level 7. HP: 30/56 MP: 7/7
  3385 | D:5      | Entered Level 5 of the Dungeon
  3397 | D:5      | Found a sacrificial altar of Ru.
  3432 | D:5      | Reached skill level 9 in Polearms
  3743 | D:5      | Found a glowing drain.
  3758 | Sewer    | Entered a sewer
  4148 | D:5      | Found Xaoraer's One-of-a-Kind Rings.
  4343 | D:5      | Bought a +3 ring of evasion for 110 gold pieces
  4593 | D:5      | Found a glowing silver altar of Zin.
  4818 | D:6      | Noticed Edmund
  4841 | D:6      | Killed Edmund
  4842 | D:6      | Reached skill level 10 in Polearms
  4844 | D:6      | Slain by a water moccasin

Illustrated notes

Levels and vault maps discovered:
D:1:      zaba_arrival_water, layout_rooms,
          wander_ebering_terrifying_dragon_lair
D:2:      layout_basic, st_stairs_14, minmay_misc_feat_doors
D:3:      layout_loops_ring, dancing_weapons_uskayaw
D:4:      layout_basic, minmay_temple_entry_trees, uniq_eustachio
D:5:      layout_loops_ring, zin_scriptorium, nicolae_ru_awakened_eye,
          gup_sewer_entry_pipe, nicolae_shop_unique_rings
D:6:      layout_loops_cross, nicolae_overflow_hidden_temple,
          chequers_hall_statues_wall_a, chequers_mini_garden, uniq_edmund
Temple:   nicolae_temple_bog_church

Skill      XL: |  1  2  3  4  5  6  7 |
---------------+----------------------+-----
Polearms       | 5 6 7 8 10 | 10.0
Fighting       | 3 4 5 |  5.7
Throwing       | |  2.0
Dodging        | |  4.0

Action                     |  1- 3 |  4- 6 |  7- 9 || total
---------------------------+-------+-------+-------++-------
  Melee: Trident           |    96 |    78 |       ||   174
         Punch             |     1 |     3 |     2 ||     6
         Spear             |       |    99 |   178 ||   277
         Tailslap          |       |       |     2 ||     2
  Throw: Throwing net      |       |     3 |       ||     3
         Boomerang         |       |       |     4 ||     4
    Use: Potion            |       |     6 |       ||     6
   Stab: Sleeping          |     3 |     2 |       ||     5
         Held in net/web   |       |     2 |       ||     2
 Armour: Leather armour    |    30 |    47 |    24 ||   101
  Dodge: Dodged            |    43 |   107 |    65 ||   215

Table legend: (Time is in decaauts)
 A = Elapsed time spent in this place.
 B = Non-inter-level travel time spent in this place.
 C = Inter-level travel time spent in this place.
 D = Time resting spent in this place.
 E = Time spent auto-exploring this place.
 F = Levels seen in this place.
 G = Mean time per level.
                   A        B        C        D        E       F      G
               +--------+--------+--------+--------+--------+-----+--------+
         Total |   4644 |   4441 |    203 |    527 |   2902 |   8 |  580.5 |
       Dungeon |   4241 |   4049 |    192 |    527 |   2640 |   6 |  706.8 |
        Temple |    118 |    107 |     11 |      0 |     85 |   1 |  118.0 |
         Sewer |    284 |    284 |      0 |      0 |    176 |   1 |  284.0 |
               +--------+--------+--------+--------+--------+-----+--------+

Top non-repeatable levels by time:
     D:5: 1032 daAuts
     D:4: 944 daAuts
     D:3: 932 daAuts
     D:2: 873 daAuts
     D:1: 439 daAuts
   Sewer: 284 daAuts
  Temple: 118 daAuts
     D:6: 18 daAuts
